 Dungeon Crawl Stone Soup version 0.22.1-2-g9c5b331 (webtiles) character file.

4011 Mesmaeker13 the Covered (level 9, 0/74 HPs)
             Began as a Demigod Fighter on Dec 20, 2018.
             Slain by an orc warrior
             ... wielding a +0 dire flail
              (4 damage)
             ... on level 8 of the Dungeon.
             The game lasted 00:12:59 (9045 turns).

Mesmaeker13 the Covered (Demigod Fighter)           Turns: 9045, Time: 00:13:00

Health: 0/74       AC: 14    Str: 21    XL:     9   Next: 73%
Magic:  15/15      EV:  8    Int: 14    God:
Gold:   480        SH: 11    Dex: 17    Spells: 8/8 levels left

rFire    . . .     SeeInvis .   a - +1 trident
rCold    . . .     Gourm    +   c - +0 shield
rNeg     . . .     Faith    .   s - +1 scale mail {rPois}
rPois    +         Spirit   .   v - +1 helmet
rElec    .         Reflect  .   (no cloak)
rCorr    +         Harm     .   B - +0 pair of gloves
MR       .....                  r - +1 pair of boots
Stlth    ..........             y - amulet of the gourmand
HPRegen  0.22/turn              l - ring of resist corrosion
MPRegen  0.14/turn              (no ring)

@: no status effects
A: high mp 1
a: no special abilities


You were on level 8 of the Dungeon.
You were very full.

You visited 1 branch of the dungeon, and saw 8 of its levels.

You collected 480 gold pieces.

Inventory:

Hand Weapons
 a - a +1 trident (weapon)
Missiles
 o - a throwing net (quivered)
 C - 3 tomahawks
Armour
 c - a +0 shield (worn)
 r - a +1 pair of boots (worn)
 s - a +1 scale mail of poison resistance (worn)
 v - a +1 helmet (worn)
 B - a +0 pair of gloves (worn)
Jewellery
 l - a ring of resist corrosion (left hand)
 y - an amulet of the gourmand (around neck)
Wands
 D - a wand of iceblast (12)
 E - a wand of paralysis (12)
Scrolls
 g - a scroll of silence {unknown}
 m - 5 scrolls of remove curse
 p - 4 scrolls of teleportation
Potions
 b - 4 potions of lignification {unknown}
 d - a potion of might
 e - a potion of curing
 h - 3 potions of invisibility
 i - 2 potions of brilliance {unknown}
 j - 2 potions of mutation
 k - a potion of ambrosia {unknown}
 n - 2 potions of flight
 q - a potion of magic {unknown}
 x - 4 potions of heal wounds
Miscellaneous
 u - a box of beasts
Comestibles
 f - 16 rations


   Skills:
 - Level 5.6 Fighting
 + Level 6.9 Polearms
 + Level 7.2 Armour
 + Level 7.1 Shields
 + Level 4.1 Evocations


You had 8 spell levels left.
You didn't know any spells.
Your spell library was empty.

Dungeon Overview and Level Annotations

Branches:
Dungeon (8/15)             Temple (0/1) D:4
   Lair: D:8-11


Innate Abilities, Weirdness & Mutations

You have an increased reservoir of magic. (+10% MP)


Message History

You hit the orc warrior but do no damage.
The orc warrior is severely wounded.
The orc warrior hits you with a dire flail!
You closely miss the orc warrior.
The orc warrior is severely wounded.
The orc warrior closely misses you.
You closely miss the orc warrior.
The orc warrior is severely wounded.
You hit the orc warrior but do no damage.
The orc warrior is severely wounded.
The orc warrior hits you with a dire flail!!
* * * LOW HITPOINT WARNING * * *
You closely miss the orc warrior.
The orc warrior is severely wounded.
The orc warrior hits you with a dire flail!
* * * LOW HITPOINT WARNING * * *
You barely miss the orc warrior.
The orc warrior is severely wounded.
The orc warrior hits you with a dire flail.
You die...

### ### #.# #.########
#.####.##.....#
#.........###.###
#.####..........#
###'####.#..###.#.#
#......#.#..# #...#
.......+.#..###<..#########
.......#.#......@).........
.##.####.........o....#...
......................#
.##.####.#...............
.##.####.#...##............
...........................
.#.........#.##...#........
...###.###........#.####### ##
..##..8..##..##..........###+#.#


You could see an orc warrior.

Vanquished Creatures
  A cyclops (D:8)
  An ugly thing (D:7)
  Maurice (D:8)
  2 trolls (D:8)
  A hippogriff (D:8)
  Prince Ribbit (D:7)
  Menkaure (D:7)
  3 orc warriors
  A black bear (D:6)
  2 ogres
  2 centaurs (D:6)
  A phantom (D:6)
  Blork the orc (D:4)
  3 bullfrogs
  3 scorpions
  2 jellies
  A centaur zombie (D:5)
  2 orc priests
  3 hounds
  2 bullfrog skeletons (D:6)
  An iron imp (D:8)
  Terence (D:3)
  4 iguanas
  5 orc wizards
  5 worker ants
  A killer bee zombie (D:8)
  A hound skeleton (D:5)
  5 adders
  3 shadow imps
  2 oozes
  2 adder skeletons (D:8)
  3 worms
  2 dart slugs (D:2)
  7 leopard geckos
  30 orcs
  21 giant cockroaches
  10 goblins
  11 hobgoblins
  13 jackals
  2 quokkas
  A ball python (D:1)
  10 bats
  4 frilled lizards (D:3)
  4 jackal skeletons
  8 kobolds
  A quokka skeleton (D:5)
  10 rats
201 creatures vanquished.

Notes
Turn   | Place    | Note
-------+----------+-------------------------------------------
     0 | D:1      | Mesmaeker13 the Demigod Fighter began the quest for the
                  | Orb.
     0 | D:1      | Reached XP level 1. HP: 18/18 MP: 3/3
   167 | D:1      | Reached XP level 2. HP: 24/25 MP: 4/4
   315 | D:1      | Reached XP level 3. HP: 31/31 MP: 5/5
  1457 | D:2      | Reached XP level 4. HP: 38/38 MP: 6/6
  1924 | D:3      | Noticed Terence
  1947 | D:3      | Killed Terence
  1947 | D:3      | Reached XP level 5. HP: 30/45 MP: 7/7
  2711 | D:4      | Noticed Blork the orc
  2808 | D:4      | Killed Blork the orc
  2846 | D:4      | Reached XP level 6. HP: 50/52 MP: 8/8
  3145 | D:4      | Found a staircase to the Ecumenical Temple.
  3580 | D:5      | Entered Level 5 of the Dungeon
  3769 | D:4      | Reached XP level 7. HP: 24/60 MP: 9/9
  5012 | D:6      | Reached skill level 5 in Fighting
  5012 | D:6      | Reached skill level 5 in Armour
  5012 | D:6      | Reached skill level 5 in Shields
  5361 | D:6      | Reached XP level 8. HP: 62/68 MP: 10/10
  5406 | D:6      | Reached skill level 5 in Polearms
  6771 | D:7      | Reached skill level 1 in Evocations
  6895 | D:7      | Noticed Menkaure
  6899 | D:7      | Noticed a green ugly thing
  6902 | D:7      | Killed Menkaure
  6907 | D:7      | Killed a green ugly thing
  7285 | D:7      | Noticed Prince Ribbit
  7295 | D:7      | Killed Prince Ribbit
  7574 | D:8      | Reached XP level 9. HP: 67/74 MP: 13/13
  8576 | D:8      | Found a snail-covered altar of Cheibriados.
  8637 | D:8      | Noticed a cyclops
  8648 | D:8      | Killed a cyclops
  8810 | D:8      | Noticed Maurice
  9033 | D:8      | Killed Maurice
  9044 | D:8      | HP: 3/74 [orc warrior/dire flail (17)]
  9045 | D:8      | Slain by an orc warrior

Skill      XL: |  1  2  3  4  5  6  7  8  9 |
---------------+----------------------------+-----
Polearms       | 2 3 4 5 6 |  6.9
Armour         | 3 4 5 6 7 |  7.2
Fighting       | 3 4 5 |  5.6
Shields        | 3 4 5 6 7 |  7.1
Evocations     | 2 4 |  4.1

Action                   |  1- 3 |  4- 6 |  7- 9 || total
-------------------------+-------+-------+-------++-------
Melee: Trident           |    23 |       |   110 ||   133
       Spear             |   142 |   288 |   291 ||   721
Throw: Throwing net      |       |       |     1 ||     1
Evoke: Wand              |       |       |    15 ||    15
  Use: Scroll            |     1 |     6 |     9 ||    16
       Potion            |       |     1 |       ||     1
 Stab: Invisible         |       |     2 |       ||     2
       Paralysed         |       |       |    37 ||    37
       Distracted        |       |       |     1 ||     1
       Held in net/web   |       |       |     1 ||     1
  Eat: Chunk             |     2 |     4 |    19 ||    25
       Ration            |       |     1 |     2 ||     3
Armor: Scale mail        |    52 |    98 |   123 ||   273
Dodge: Dodged            |    28 |    63 |    69 ||   160
Block: Shield            |    41 |   121 |   156 ||   318
